 Dungeon Crawl Stone Soup version 0.22-a0-617-g6d95e9e (webtiles) character file.

186 sking99 the Insei (level 5, 0/42 HPs)
             Began as a Draconian Transmuter on July 12, 2018.
             Slain by Blork the orc
             ... wielding a +5 hand axe of venom
              (4 damage)
             ... on level 4 of the Dungeon.
             The game lasted 00:03:31 (2889 turns).

sking99 the Insei (Draconian Transmuter)            Turns: 2889, Time: 00:03:32

Health: 0/42       AC:  8    Str: 12    XL:     5   Next: 38%
Magic:  3/8        EV: 13    Int: 14    God:
Gold:   124        SH:  0    Dex: 12    Spells: 5/8 levels left

rFire    . . .     SeeInvis .     - Unarmed
rCold    . . .     Gourm    .   (no shield)
rNeg     . . .     Faith    .   (armour unavailable)
rPois    .         Spirit   .   (helmet restricted)
rElec    .         Reflect  .   r - +2 cloak
rCorr    .         Harm     .   (no gloves)
MR       .....                  (boots currently unavailable)
Stlth    +.........             (no amulet)
HPRegen  0.14/turn              (no ring)
MPRegen  0.11/turn              (no ring)

@: lethally poisoned (0 -> -30), appendage
A: unfitting armour, talons 3, cold-blooded, AC +5
a: End Transformation


You were on level 4 of the Dungeon.
You were not hungry.
You had grown temporary talons.
You visited 1 branch of the dungeon, and saw 4 of its levels.

You collected 124 gold pieces.

Inventory:

Missiles
 a - 41 arrows
Armour
 m - a +0 buckler
 r - a +2 cloak (worn)
Scrolls
 i - 3 scrolls of remove curse
 l - a scroll of enchant armour
Potions
 e - 4 potions of haste
 f - 2 potions of flight
 h - 4 potions of curing {unknown}
 k - 2 potions of heal wounds {unknown}
 o - a potion of ambrosia {unknown}
Comestibles
 c - 4 rations
 j - 2 chunks of flesh


   Skills:
 + Level 2.6 Fighting
 + Level 2.7 Dodging
 * Level 4.5 Unarmed Combat
 - Level 2.0 Spellcasting
 + Level 3.0 Transmutations


You had 5 spell levels left.
You knew the following spells:

 Your Spells              Type           Power        Failure   Level  Hunger
a - Beastly Appendage     Tmut           #.....       7%          1    ##.....
b - Sticks to Snakes      Tmut           #.......     11%         2    ###....

Your spell library contained the following spells:

 Spells                   Type           Power        Failure   Level  Hunger
 Spider Form              Tmut/Pois      #.........   36%         3    ####...
 Blade Hands              Tmut           #.........   88%         5    ######.
 Ice Form                 Ice/Tmut       #.......     77%         4    #####..


Dungeon Overview and Level Annotations

Branches:
Dungeon (4/15)
 Temple: D:4-7

Altars:
Fedhas
Makhleb
Vehumet

Annotations:
D:4 Blork the orc


Innate Abilities, Weirdness & Mutations

Your plain brown scales are hard. (AC +5)
You cannot fit into any form of body armour.
You are cold-blooded and may be slowed by cold attacks.
You have claws for feet.


Message History

Your ball python bites Blork the orc but does no damage.
Your ball python constricts Blork the orc.
Blork the orc hits you but does no damage.
Blork the orc misses your adder.
Blork the orc hits your ball python with a hand axe of venom!
Your ball python dies!
You hit Blork the orc.
Blork the orc is heavily wounded.
* * * LOW HITPOINT WARNING * * *
You feel sick.
Your adder barely misses Blork the orc.
Blork the orc hits you with a hand axe of venom.
* * * LOW HITPOINT WARNING * * *
You are more poisoned.
Blork the orc completely misses your adder.
You barely miss Blork the orc.
Blork the orc is heavily wounded.
* * * LOW HITPOINT WARNING * * *
You feel very sick.
Blork the orc hits you with a hand axe of venom.
You die...

..#............#
#.#
#.#..######.##.#
#.# #.._.## #.##.#
#.# #.....#
#.##.###.# ##...##
*#........# ##.##
*........## #.#
*.###.##.# #.# *,*
#.##.# ##'## *,*
#..@S# ##...## *,*
###.o# #.....##
*,****#..#
.......#**,**,*#..#
........#*,,,,,...#
........+,,,,,...##
........#***,,.###
.......## **..*
#.....## **,*


You could see Blork the orc and a friendly adder.

Vanquished Creatures
  An orc wizard (D:3)
  Jessica (D:2)
  A gnoll (D:1)
  2 adders
  A worm (D:3)
  2 dart slugs
  A leopard gecko (D:2)
  3 orcs (D:3)
  A ball python (D:2)
  4 giant cockroaches
  4 goblins
  5 hobgoblins
  7 jackals (D:1)
  A quokka (D:4)
  3 bats
  4 frilled lizards
  7 kobolds
  8 rats
56 creatures vanquished.

Vanquished Creatures (collateral kills)
  Crazy Yiuf (D:3)
  2 adders (D:3)
  An orc (D:3)
4 creatures vanquished.

Grand Total: 60 creatures vanquished

Notes
Turn   | Place    | Note
-------+----------+-------------------------------------------
     0 | D:1      | sking99 the Draconian Transmuter began the quest for the Orb.
     0 | D:1      | Reached XP level 1. HP: 16/16 MP: 3/3
   437 | D:1      | Reached XP level 2. HP: 22/23 MP: 3/5
   868 | D:1      | Reached XP level 3. HP: 26/29 MP: 6/6
  1394 | D:2      | Learned a level 2 spell: Sticks to Snakes
  1422 | D:2      | Noticed Jessica
  1434 | D:2      | Killed Jessica
  1434 | D:2      | Reached XP level 4. HP: 32/36 MP: 5/7
  1516 | D:2      | Reached skill level 4 in Unarmed Combat
  1914 | D:3      | Reached XP level 5. HP: 42/42 MP: 8/8
  1955 | D:3      | Found a blossoming altar of Fedhas.
  2063 | D:3      | Found a runed door.
  2275 | D:3      | Found a radiant altar of Vehumet.
  2678 | D:3      | Noticed Crazy Yiuf
  2686 | D:3      | Killed Crazy Yiuf
  2846 | D:4      | Found a burning altar of Makhleb.
  2878 | D:4      | Noticed Blork the orc
  2889 | D:4      | Slain by Blork the orc

Vault maps used:
D:1:      dpeg_arrival_renting
D:2:      uniq_jessica
D:3:      vehumet_crystals, fedhas_altar_2, minivault_24,
          kennysheep_decorative_pillar, uniq_crazy_yiuf_cottage
D:4:      old_standard_altar, overflow_temple_1_default, first_ration,
          uniq_duvessa, uniq_blork_the_orc, uniq_ijyb, uniq_grinder, uniq_pikel

Skill      XL: |  1  2  3  4  5 |
---------------+----------------+-----
Dodging        | 2 |  2.7
Fighting       | 2 |  2.6
Unarmed Combat | 4 |  4.5
Transmutations | 3 |  3.0
Spellcasting   | |  2.0

Action                   |  1- 3 |  4- 6 || total
-------------------------+-------+-------++-------
Melee: Unarmed           |   116 |   101 ||   217
       Tailslap          |    11 |    15 ||    26
       Kick              |     3 |     7 ||    10
       Punch             |     1 |     1 ||     2
       Headbutt          |     1 |     1 ||     2
 Cast: Beastly Appendage |     7 |     4 ||    11
       Sticks to Snakes  |       |     5 ||     5
  Use: Scroll            |       |     8 ||     8
 Stab: Sleeping          |     1 |     2 ||     3
  Eat: Chunk             |     2 |     5 ||     7
Armor: Skin              |    42 |    25 ||    67
Dodge: Dodged            |    86 |    50 ||   136

Table legend:
 A = Spawn XP
 B = Non-spawn XP
 C = Spawn XP percentage of total XP
 D = Spawn monster count
 E = Non-spawn monster count
 F = Spawn count percentage of total count
 G = Total turns spent on level
                    A         B        C        D         E        F      G
               +---------+---------+-------+---------+---------+-------+---------
         Total |       0 |     267 |   0.0 |       0 |      60 |   0.0 |  2889
               +---------+---------+-------+---------+---------+-------+---------
           D:1 |       0 |      57 |   0.0 |       0 |      25 |   0.0 |  1200
           D:2 |       0 |      63 |   0.0 |       0 |      12 |   0.0 |   510
           D:3 |       0 |     145 |   0.0 |       0 |      22 |   0.0 |  1075
           D:4 |       0 |       2 |   0.0 |       0 |       1 |   0.0 |   104
               +---------+---------+-------+---------+---------+-------+---------
